 Dungeon Crawl Stone Soup version 0.31-a0-236-g9a0961fb85 (webtiles) character file.

Game seed: 4134082940863400265

929 qw the Skirmisher (level 7, -1/61 HPs)
             Began as a Minotaur Hexslinger on July 10, 2023.
             Slain by an orc warrior
             ... wielding a +0 battleaxe
              (11 damage)
             ... on level 5 of the Dungeon.
             The game lasted 00:02:03 (4131 turns).

qw the Skirmisher (Minotaur Hexslinger)             Turns: 4131, Time: 00:02:03

Health: -1/61      AC: 11    Str: 12    XL:     7   Next: 85%
Magic:  7/7        EV: 11    Int: 10    God:
Gold:   243        SH:  0    Dex: 15    Spells: 7/8 levels left

rFire   . . .        Y - +1 sling
rCold   + . .        (no shield)
rNeg    . . .        g - +0 ring mail
rPois   .            s - +2 hat
rElec   .            r - scarf {repulsion}
rCorr   .            (no gloves)
SInv    .            (no boots)
Will    .....        d - amulet of regeneration
Stlth   +            f - +4 ring of protection
HPRegen 1.10/turn    l - ring of protection from cold
MPRegen 0.10/turn

%: repel missiles
@: about to teleport
A: horns 2, retaliatory headbutt
a: no special abilities


You were on level 5 of the Dungeon.
You visited 2 branches of the dungeon, and saw 7 of its levels.
You also visited: Sewer.

You collected 243 gold pieces.


Innate Abilities, Weirdness & Mutations

You have a pair of horns on your head.
You reflexively headbutt those who attack you in melee.


   Skills:
 - Level 5.0 Fighting
 + Level 8.9 Ranged Weapons
 - Level 1.1 Armour
 - Level 2.1 Dodging
 - Level 1.0 Spellcasting
 - Level 2.0 Hexes


You had 7 spell levels left.
You knew the following spells:

 Your Spells              Type           Power      Damage    Failure   Level
a - Slow                  Hex            16%        N/A       34%         1

Your spell library contained the following spells:

 Spells                   Type           Power      Damage    Failure   Level
 Inner Flame              Hex/Fire       2%         N/A       83%         3
 Portal Projectile        Hex/Tloc       4%         N/A       83%         3
 Cause Fear               Hex            2%         N/A       98%         4

Inventory:

Hand Weapons
 Y - a +1 sling (weapon)
Armour
 g - a +0 ring mail (worn)
 k - a +0 cloak
 r - a scarf of repulsion (worn)
 s - a +2 hat (worn)
Jewellery
 a - a ring of protection from fire
 d - an amulet of regeneration (around neck)
 f - a +4 ring of protection (left hand)
 l - a ring of protection from cold (right hand)
 n - a ring of positive energy
Wands
 p - a wand of digging (3)
Scrolls
 h - 2 scrolls of identify
Potions
 b - a potion of mutation
 c - 2 potions of curing
 e - a potion of haste
 i - 2 potions of might
 q - a potion of cancellation

Dungeon Overview and Level Annotations

Branches:
Dungeon (6/15)             Temple (1/1) D:5           Sewer (visited)

Altars:
Ashenzari
Cheibriados
Elyvilon
Fedhas
Hepliaklqana
Kikubaaqudgha
Makhleb
Qazlal
Ru
Wu Jian
Xom
Zin
The Shining One

Shops:
D:3 :   D:5 =


Message History

The orc warrior is lightly wounded.
The hound closely misses you. The adder misses you.
The hound bites you but does no damage.
The white imp grinds its teeth.
The adder closely misses you. The orc warrior closely misses you.
You shoot a sling bullet.
The sling bullet barely misses the orc warrior.
The hound bites you. The adder closely misses you.
The orc warrior hits you with a +0 battleaxe!
The hound bites you.
4125 ||| STAIRDANCE The adder closely misses you.
You furiously retaliate!
You headbutt the adder. The hound bites you.
The orc warrior hits you with a +0 battleaxe!
The adder completely misses you.
You climb upwards.
There is a stone staircase leading down here.
You shoot a sling bullet. The sling bullet misses the adder.
The hound bites you but does no damage. The adder bites you but does no damage.
The orc warrior hits you with a +0 battleaxe.
The hound closely misses you.
You shoot a sling bullet.
The sling bullet barely misses the adder.
The adder closely misses you. The hound closely misses you.
You furiously retaliate!
You headbutt the hound.
The orc warrior hits you with a +0 battleaxe.
You shoot a sling bullet. The sling bullet hits the adder!
You kill the adder!
The hound bites you.
The orc warrior hits you with a +0 battleaxe!
The hound barely misses you.
4130 ||| READING scroll of teleportation.
As you read the scroll of teleportation, it crumbles to dust.
You feel strangely unstable. The hound barely misses you.
The orc warrior closely misses you. The hound misses you.
You furiously retaliate!
You headbutt the hound! You shoot a sling bullet.
The sling bullet hits the hound.
The hound is almost dead.
The orc warrior hits you with a +0 battleaxe!
You die...

###### ######## #......
.....#########......#######.#####
####...........................#
## #................#######....#
<# #...........................##
.###.##.#.####..>...######.......
..##.#.......#.........#...8...8.
..##.#.8.8.8.#.h.)..##.#.#...#...
........}.}.....@......#.#).###.#
.#...#.8.>.8.###o.#.####.....#...
.....#..}.}..###..#.######.8...8.
.##.##.8.8.8......#..........#...
.....#.......#........#####.###.#
.....#.[##.###...............#...
...#.##....# #........####.8...8.
##.#.##.########.###### #...#...
.###..............# #.#.#...


You could see an orc warrior and a hound.

Vanquished Creatures
  Pargi (Sewer)
  An ice beast (D:5)
  2 scorpions
  2 howler monkeys
  4 hounds (D:5)
  2 jellies
  3 orc priests
  2 iguanas
  An orc wizard (D:4)
  4 gnolls
  5 adders
  A white imp (D:5)
  A worm (D:3)
  3 dart slugs
  19 orcs
  6 endoplasms
  4 giant cockroaches
  10 goblins
  7 hobgoblins
  5 jackals
  A quokka (D:1)
  7 ball pythons
  3 bats
  3 frilled lizards
  7 kobolds
  4 rats
108 creatures vanquished.

Notes
Turn   | Place    | Note
-------+----------+-------------------------------------------
     0 | D:1      | qw the Minotaur Hexslinger began the quest for the Orb.
     0 | D:1      | Reached XP level 1. HP: 16/16 MP: 1/1
     0 | D:1      | 0 ||| qw: Version: 0.3-a-52-g30416fa
     0 | D:1      | 0 ||| qw: Game counter: 4571
     0 | D:1      | 0 ||| qw: Melee chars always use a shield: true
     0 | D:1      | 0 ||| qw: God list: Okawaru
     0 | D:1      | 0 ||| qw: Allow faded altars: false
     0 | D:1      | 0 ||| qw: Do Orc after clearing Dungeon:15 true
     0 | D:1      | 0 ||| qw: Do second Lair branch before Depths: true
     0 | D:1      | 0 ||| qw: Lair rune preference: random
     0 | D:1      | 0 ||| qw: Goals: Normal
     0 | D:1      | 0 ||| PLANNING D:1-11
    10 | D:1      | Noticed an electric eel
    19 | D:1      | 19 ||| UPGRADING to amulet of regeneration.
    89 | D:1      | Reached skill level 3 in Ranged Weapons
    90 | D:1      | Reached XP level 2. HP: 23/23 MP: 2/2
   602 | D:1      | Reached XP level 3. HP: 30/30 MP: 3/3
   764 | D:1      | 764 ||| UPGRADING to +0 leather armour.
   774 | D:1      | 774 ||| DROPPING +0 robe.
   775 | D:1      | 775 ||| UPGRADING to +0 ring mail.
   785 | D:1      | 785 ||| DROPPING +0 leather armour.
   786 | D:1      | 786 ||| READING scroll labelled ZEANWY COMUWNO.
   787 | D:1      | 787 ||| READING scroll labelled RIOD XAOHUIRCHI.
   788 | D:1      | 788 ||| DROPPING scroll of poison.
   880 | D:2      | Found a faded altar of an unknown god.
  1279 | D:2      | 1279 ||| UPGRADING to ring of protection from cold.
  1280 | D:2      | 1280 ||| UPGRADING to ring of positive energy.
  1281 | D:2      | 1281 ||| READING 2 scrolls labelled RAN LIXZULOEQ.
  1284 | D:2      | 1284 ||| READING scroll labelled YFFUCU VEOMAJO.
  1285 | D:2      | 1285 ||| READING 2 scrolls labelled PINANK BIP SESS.
  1323 | D:3      | 1323 ||| PLANNING SEWER
  1377 | D:3      | Reached skill level 4 in Ranged Weapons
  1394 | D:3      | Identified the +9 mace "Jaufunel" {speed, rElec rF+ Str+3
                  | SInv}
  1430 | D:3      | Reached skill level 1 in Armour
  1430 | D:3      | HP: 7/30 [orc/+0 mace (1)]
  1431 | D:3      | 1431 ||| READING 2 scrolls of teleportation.
  1431 | D:3      | HP: 3/30 [orc/+0 mace (1)]
  1435 | D:3      | 1435 ||| READING scroll of teleportation.
  1465 | D:3      | Reached XP level 4. HP: 37/37 MP: 4/4
  1539 | D:3      | Found Ruuhybb's Book Shop.
  1647 | D:3      | Found a glowing drain.
  1648 | D:3      | 1648 ||| UPGRADING to +4 ring of protection.
  1650 | D:3      | 1650 ||| UPGRADING to ring of protection from cold.
  1658 | D:3      | Reached skill level 5 in Ranged Weapons
  1676 | Sewer    | Entered a sewer
  1682 | Sewer    | 1682 ||| Stepping ~*~*~tactically~*~*~ (water).
  1741 | Sewer    | Noticed Pargi
  1755 | Sewer    | Killed Pargi
  1756 | Sewer    | Reached XP level 5. HP: 43/47 MP: 5/5
  1785 | Sewer    | 1785 ||| READING scroll labelled NUYRYBOUJOJ.
  1786 | Sewer    | 1786 ||| READING scroll labelled FITZOR OJIG.
  1787 | Sewer    | 1787 ||| DRINKING 2 lumpy clear potions.
  1788 | Sewer    | 1788 ||| READING 2 scrolls of identify.
  1788 | Sewer    | 1788 ||| IDENTIFYING inky potion
  1789 | Sewer    | 1789 ||| DROPPING potion of degeneration.
  1814 | D:3      | 1814 ||| PLANNING D:1-11
  1961 | D:3      | Reached XP level 6. HP: 53/53 MP: 6/6
  2258 | D:4      | 2258 ||| FLEEEEING.
  2262 | D:4      | 2262 ||| FLEEEEING.
  2263 | D:4      | 2263 ||| FLEEEEING.
  2264 | D:4      | 2264 ||| FLEEEEING.
  2265 | D:4      | 2265 ||| FLEEEEING.
  2272 | D:4      | Reached skill level 6 in Ranged Weapons
  2275 | D:4      | 2275 ||| FLEEEEING.
  2276 | D:4      | 2276 ||| FLEEEEING.
  2277 | D:4      | 2277 ||| FLEEEEING.
  2281 | D:4      | 2281 ||| FLEEEEING.
  2286 | D:4      | 2286 ||| FLEEEEING.
  2287 | D:4      | 2287 ||| FLEEEEING.
  2288 | D:4      | 2288 ||| FLEEEEING.
  2289 | D:4      | 2289 ||| FLEEEEING.
  2290 | D:4      | 2290 ||| STAIRDANCE
  2316 | D:3      | 2316 ||| UPGRADING to +0 cloak.
  2592 | D:4      | Found a sacrificial altar of Ru.
  2722 | D:4      | Reached skill level 7 in Ranged Weapons
  2970 | D:4      | 2970 ||| UPGRADING to scarf of repulsion.
  2980 | D:4      | 2980 ||| DRINKING 2 clear potions.
  3085 | D:4      | 3085 ||| READING 4 scrolls of identify.
  3085 | D:4      | 3085 ||| IDENTIFYING amethyst potion
  3086 | D:4      | 3086 ||| READING 3 scrolls of identify.
  3086 | D:4      | 3086 ||| IDENTIFYING fizzy brown potion
  3087 | D:4      | 3087 ||| READING 2 scrolls of identify.
  3087 | D:4      | 3087 ||| IDENTIFYING purple potion
  3088 | D:4      | 3088 ||| DROPPING potion of berserk rage.
  3107 | D:5      | Entered Level 5 of the Dungeon
  3113 | D:5      | Reached XP level 7. HP: 60/60 MP: 7/7
  3123 | D:5      | 3123 ||| STAIRDANCE
  3136 | D:5      | Found Zeosonn's Jewellery Shoppe.
  3148 | D:5      | 3148 ||| SHOPLISTING amulet of faith (560 gold, have 200).
  3148 | D:5      | 3148 ||| SHOPLISTING amulet of reflection (420 gold, have
                  | 200).
  3148 | D:5      | 3148 ||| SHOPLISTING ring of poison resistance (280 gold,
                  | have 200).
  3148 | D:5      | 3148 ||| SHOPLISTING ring of resist corrosion (280 gold,
                  | have 200).
  3148 | D:5      | 3148 ||| SHOPLISTING ring of see invisible (210 gold, have
                  | 200).
  3148 | D:5      | 3148 ||| SHOPLISTING ring of the Ten Usurping Bones {rPois
                  | Dex+4} (495 gold, have 200).
  3246 | D:5      | Found a staircase to the Ecumenical Temple.
  3247 | D:5      | 3247 ||| PLANNING TEMPLE
  3263 | Temple   | Entered the Ecumenical Temple
  3300 | Temple   | 3300 ||| PLANNING D:1-11
  3351 | D:5      | Found a white marble altar of Elyvilon.
  3445 | D:5      | Reached skill level 8 in Ranged Weapons
  4078 | D:5      | 4078 ||| UPGRADING to +2 hat.
  4083 | D:5      | 4083 ||| READING 5 scrolls of identify.
  4083 | D:5      | 4083 ||| IDENTIFYING silvery potion
  4084 | D:5      | 4084 ||| READING 4 scrolls of identify.
  4084 | D:5      | 4084 ||| IDENTIFYING black potion
  4085 | D:5      | 4085 ||| READING 3 scrolls of identify.
  4085 | D:5      | 4085 ||| IDENTIFYING murky puce potion
  4086 | D:5      | 4086 ||| DROPPING potion of brilliance.
  4087 | D:5      | 4087 ||| DROPPING potion of attraction.
  4115 | D:6      | 4115 ||| STAIRDANCE
  4125 | D:6      | 4125 ||| STAIRDANCE
  4129 | D:5      | HP: 7/61 [orc warrior/+0 battleaxe (16)]
  4130 | D:5      | 4130 ||| READING scroll of teleportation.
  4131 | D:5      | Slain by an orc warrior

Levels and vault maps discovered:
D:1:      arrival_aquarium_a, layout_basic
D:2:      layout_rooms, hellmonk_ecumenical_altar_lost_god,
          minmay_fractal_squares_gapless_5
D:3:      cheibrodos_pilgrimage, layout_loops_cross, serial_glass,
          glass_columns_c, glass_columns_c, serial_shops, shop,
          cheibrodos_sewer_entry_drain
D:4:      layout_loops_ring, nicolae_ru_sacrificial_ziggurat,
          corexii_leaking_fountain
D:5:      minmay_skewed_foursquare, layout_basic,
          mainiacjoe_overflow_cross_hatched,
          minmay_temple_entry_statues_fountains, serial_shops,
          nicolae_shop_temple_entry_statues_fountains,
          minmay_misc_feat_four_crosses
D:6:      minmay_chambers_of_sixes, layout_cave_pools, jmf_multi_god_temple2
Temple:   nicolae_temple_ecumenical_triangle

Skill      XL: |  1  2  3  4  5  6  7 |
---------------+----------------------+-----
Ranged Weapons | 3 4 5 7 8 |  8.9
Fighting       | 2 4 5 |  5.0
Armour         | 1 |  1.1
Dodging        | |  2.1
Spellcasting   | |  1.0
Hexes          | |  2.0

Action                     |  1- 3 |  4- 6 |  7- 9 || total
---------------------------+-------+-------+-------++-------
   Fire: Sling             |   144 |   199 |   103 ||   446
    Use: Scroll            |     7 |     6 |     4 ||    17
         Potion            |       |     2 |       ||     2
 Armour: Robe              |     2 |       |       ||     2
         Ring mail         |    22 |    70 |    30 ||   122
  Dodge: Dodged            |    47 |    63 |    65 ||   175

Table legend:
 A = Non-vault XP
 B = Vault XP
 C = Vault XP percentage of total XP
 D = Non-vault monster count
 E = Vault monster count
 F = Vault count percentage of total count
                 A         B        C        D         E       F
            +---------+---------+-------+---------+---------+-------
      Total |    1106 |     222 |  16.7 |      92 |      16 |  14.8
            +---------+---------+-------+---------+---------+-------
        D:1 |      44 |       0 |   0.0 |      20 |       0 |   0.0
        D:2 |      17 |       8 |  32.0 |       9 |       4 |  30.8
        D:3 |     113 |      62 |  35.4 |      29 |       8 |  21.6
        D:4 |     417 |       0 |   0.0 |      20 |       0 |   0.0
        D:5 |     515 |      16 |   3.0 |      14 |       2 |  12.5
      Sewer |       0 |     136 | 100.0 |       0 |       2 | 100.0
            +---------+---------+-------+---------+---------+-------
